 Dungeon Crawl Stone Soup version 0.24.0-13-gcf9b3192b9 (webtiles) character file.

Game seed: 4341365017971961112, levelgen mode: deterministic

410 Monsterracer the Scratcher (level 6, -1/29 HPs)
             Began as a Felid Skald on Nov 6, 2019.
             Slain by an orc
             ... wielding a +4 short sword
              (4 damage)
             ... on level 4 of the Dungeon.
             The game lasted 00:05:01 (5850 turns).

Monsterracer the Scratcher (Felid Skald)            Turns: 5850, Time: 00:05:01

Health: -1/29      AC:  2    Str:  8    XL:     6   Next: 58%
Magic:  4/10       EV: 20    Int: 15    God:
Gold:   180        SH:  0    Dex: 16    Spells: 5/9 levels left
                                        Lives:  0   Deaths: 1

rFire    . . .     SeeInvis +     - Unarmed
rCold    . . .     Gourm    .   (shield unavailable)
rNeg     . . .     Faith    .   (armour unavailable)
rPois    .         Spirit   .   (helmet unavailable)
rElec    .         Reflect  .   (cloak unavailable)
rCorr    .         Harm     .   (gloves unavailable)
MR       .....                  (boots unavailable)
Stlth    +++.......             (no amulet)
HPRegen  0.09/turn              (no ring)
MPRegen  0.12/turn              (no ring)

@: infused, slowed, slow
A: very small, no armour, no weapons or thrown items, stealth, claws 1, fangs 3,
see invisible, carnivore, speed 1, shaggy fur 2, slow metabolism 1, sharp paws
a: no special abilities


You were on level 4 of the Dungeon.
You were not hungry.

You visited 1 branch of the dungeon, and saw 4 of its levels.
You also visited: Sewer.

You collected 180 gold pieces.

Inventory:

Scrolls
 a - 2 scrolls of enchant weapon {unknown}
 d - a scroll of enchant armour {unknown}
 f - 2 scrolls of fog {unknown}
 g - 2 scrolls of remove curse {unknown}
 h - a scroll of noise {unknown}
 i - a scroll of teleportation {unknown}
 j - a scroll of amnesia {unknown}
 l - 3 scrolls of identify {unknown}
Potions
 b - 2 potions of flight {unknown}
 e - a potion of curing
 k - a potion of degeneration {unknown}
Comestibles
 c - 4 rations


   Skills:
 + Level 4.4 Fighting
 + Level 4.5 Dodging
 + Level 3.5 Stealth
 * Level 6.1 Unarmed Combat
 - Level 2.0 Spellcasting
 - Level 3.6 Charms


You had 5 spell levels left.
You knew the following spells:

 Your Spells              Type           Power        Failure   Level  Hunger
a - Infusion              Chrm           ##..         4%          1    #......
j - Regeneration          Chrm/Necr      #.........   32%         3    ###....

Your spell library contained the following spells:

 Spells                   Type           Power        Failure   Level  Hunger
 Song of Slaying          Chrm           ##......     8%          2    ###....
 Shroud of Golubria       Chrm/Tloc      #.....       16%         2    ###....
 Spectral Weapon          Hex/Chrm       Unusable     N/A         3    N/A

Dungeon Overview and Level Annotations

Branches:
Dungeon (4/15)              Sewer (visited)
 Temple: D:4-7

Altars:


Innate Abilities, Weirdness & Mutations

You cannot wear armour.
You are incapable of wielding weapons or throwing items.
Your paws allow you to move quietly. (Stealth)
You have sharp claws.
You have razor-sharp teeth.
You have supernaturally acute eyesight. (SInv)
You are carnivorous and can eat meat at any time.
You cover ground quickly.
You are covered in thick fur. (AC +2)
You have a slow metabolism.
Your sharp claws are effective at attacking unaware monsters.


Message History

You climb downwards.
There is a stone staircase leading up here.
You scratch the orc wizard but do no damage.
The orc wizard barely misses you.
You scratch the orc wizard.
The orc wizard is moderately wounded.
The orc wizard hits you but does no damage.
You scratch the orc wizard but do no damage.
The orc wizard is moderately wounded.
The orc wizard gestures wildly while chanting.
The orc wizard seems to speed up.
You hear a shout! x2
You barely miss the orc wizard. Your claw misses the orc wizard.
You bite the orc wizard.
The orc wizard is moderately wounded.
The orc wizard hits you but does no damage.
You scratch the orc wizard.
The orc wizard is heavily wounded.
The orc wizard misses you.
The orc wizard hits you with a +0 dagger.
You miss the orc wizard.
The orc wizard is heavily wounded.
The orc wizard closely misses you.
You scratch the orc wizard.
The orc wizard is severely wounded.
The orc wizard misses you. The orc hits you with a +4 short sword.
You barely miss the orc wizard.
The orc wizard is severely wounded.
The orc wizard hits you with a +0 dagger.
The orc closely misses you.
The orc wizard gestures wildly while chanting.
The orc wizard blinks!
You scratch the orc.
The orc is severely wounded.
The orc misses you. The orc closely misses you.
You claw the orc!
You kill the orc!
The orc hits you but does no damage.
You miss the orc wizard.
The orc wizard is severely wounded.
The orc wizard barely misses you. The orc hits you with a +4 short sword.
You are too injured to fight recklessly!
You are too injured to fight recklessly!
You scratch the orc wizard but do no damage.
The orc wizard is severely wounded.
The orc wizard misses you. The orc misses you. The orc wizard misses you.
You are too injured to fight recklessly!
You closely miss the orc wizard.
The orc wizard is severely wounded.
The orc wizard misses you.
You are too injured to fight recklessly!
You closely miss the orc wizard.
The orc wizard is severely wounded.
The orc misses you. The orc wizard closely misses you.
You miss the orc wizard. You bite the orc wizard.
The orc wizard is severely wounded.
The orc wizard barely misses you. The orc closely misses you.
You scratch the orc wizard.
The orc wizard is severely wounded.
The orc wizard barely misses you. The orc closely misses you.
The orc wizard mumbles some strange words.
The orc wizard blinks!
The orc hits you with a +4 short sword.
Items here: $ ) [ † a cursed +0 club; a +0 leather armour; 19 gold pieces; an orc corpse You completely miss the orc.
The orc hits you with a +4 short sword!
* * * LOW HITPOINT WARNING * * *
Casting: Infusion (safe; 4% risk of failure)
Confirm with . or Enter, or press ? or * to list all spells.
Your skin crawls.
The orc wizard gestures at you while chanting.
You feel yourself slow down. The orc closely misses you.
Casting: Regeneration (safe; 32% risk of failure)
Confirm with . or Enter, or press ? or * to list all spells.
You begin infusing your attacks with magical energy.
Your skin is crawling a little less now.
The orc hits you with a +4 short sword.
* * * LOW HITPOINT WARNING * * *
The orc wizard barely misses you.
Unknown command.
You scratch the orc wizard.
The orc wizard is almost dead.
The orc wizard closely misses you. The orc hits you but does no damage.
The orc wizard points at you and mumbles some strange words.
The magic dart hits you.
* * * LOW HITPOINT WARNING * * *
The orc misses you.
You scratch the orc wizard.
You kill the orc wizard!
The orc hits you with a +4 short sword.
* * * LOW HITPOINT WARNING * * *
You closely miss the orc. The orc completely misses you.
You closely miss the orc.
Your skin stops crawling.
The orc barely misses you. x2
You scratch the orc.
The orc is severely wounded.
The orc hits you with a +4 short sword.
You die...

#.# #+## #######.# ...#
.......###.# #.........#
#.......... #.........#
#......o... #.........#
###+# #..........
###....÷....# #...#
#..........
........<.#'###.o.#
#..........
##.............<@.#
#....o.....
#...........####.#
#...)......
#...........# #.#
#...o.§....
#...........#
#?####.o........
#...........#
#......###......
##...........####[.....#
......
.............+.........+
.....
.............#####.....#
..... .............#
#.o...# ....


You could see an orc.

Vanquished Creatures
  A phantom (D:3)
  A big kobold (Sewer)
  A scorpion (D:4)
  A howler monkey (D:3)
  A hound (D:4)
  Crazy Yiuf (D:2)
  4 orc wizards (D:3 D:4)
  A howler monkey skeleton (D:4)
  4 adders (D:2 D:3)
  7 gnolls (D:2 D:3)
  2 river rats (D:4 Sewer)
  An ooze (D:1)
  5 worms (D:2 D:3)
  2 dart slugs (D:2 D:4)
  2 leopard geckos (D:1)
  6 orcs (D:3 D:4)
  A ball python (D:1)
  A bat skeleton (D:2)
  6 giant cockroaches (D:2 D:4)
  9 goblins (D:1 D:2 D:3)
  6 hobgoblins (D:1 D:2 D:3)
  2 jackals (Sewer)
  3 quokkas (D:2 D:3)
  6 bats (D:1 D:2 D:3)
  7 frilled lizards (D:1 D:2 D:3)
  12 kobolds (D:1 D:2 D:3 Sewer)
  12 rats (D:1 D:2 D:3 Sewer)
  A fungus (D:2)
106 creatures vanquished.

Notes
Turn   | Place    | Note
-------+----------+-------------------------------------------
     0 | D:1      | Monsterracer the Felid Skald began the quest for the Orb.
     0 | D:1      | Reached XP level 1. HP: 9/9 MP: 4/4
    35 | D:1      | HP: 4/9 [leopard gecko (4)]
    35 | D:1      | HP: 1/9 [ooze (3)]
    43 | D:1      | Reached XP level 2. HP: 3/13 MP: 0/6
   660 | D:1      | HP: 4/13 [kobold/+0 short sword (7)]
  1293 | D:1      | HP: 6/13 [hobgoblin/cursed -1 club (7)]
  1480 | D:1      | Reached skill level 3 in Unarmed Combat
  1576 | D:2      | Reached XP level 3. HP: 12/16 MP: 3/7
  1581 | D:2      | Learned a level 3 spell: Regeneration
  2033 | D:2      | Reached XP level 4. HP: 16/21 MP: 0/8
  2230 | D:2      | HP: 10/21 [giant cockroach (1)]
  2236 | D:2      | HP: 3/21 [worm (7)]
  2513 | D:2      | Reached skill level 4 in Unarmed Combat
  3026 | D:2      | Found a runed translucent door.
  3027 | D:2      | Noticed Crazy Yiuf
  3034 | D:2      | HP: 10/21 [Crazy Yiuf/+4 quarterstaff of chaos (3)]
  3037 | D:2      | Killed Crazy Yiuf
  3037 | D:2      | Reached XP level 5. HP: 11/24 MP: 0/9
  3281 | D:3      | HP: 10/24 [adder (3)]
  3506 | D:3      | HP: 11/24 [worm (4)]
  3786 | D:3      | HP: 11/24 [gnoll/+0 halberd (5)]
  3843 | D:3      | HP: 11/24 [gnoll/+0 halberd (8)]
  4099 | D:3      | Reached skill level 1 in Stealth
  4119 | D:3      | Noticed a phantom
  4123 | D:3      | Reached skill level 5 in Unarmed Combat
  4127 | D:3      | HP: 9/25 [orc wizard/magic dart (6)]
  4132 | D:3      | HP: 2/25 [orc wizard/magic dart (7)]
  4173 | D:3      | Gained mutation: You are covered in thick fur. (AC +2)
                  | [Felid growth]
  4173 | D:3      | Reached XP level 6. HP: 4/28 MP: 5/10
  4196 | D:3      | HP: 14/28 [phantom (2)]
  4714 | D:4      | HP: 14/28 [howler monkey (7)]
  4725 | D:3      | HP: 10/28 [howler monkey (3)]
  4842 | D:4      | HP: 13/28 [river rat (7)]
  4859 | D:4      | Found a glowing drain.
  4933 | Sewer    | Entered a sewer
  4948 | Sewer    | HP: 13/28 [river rat (5)]
  5186 | Sewer    | HP: 13/28 [kobold/+0 short sword (3)]
  5395 | Sewer    | Found a white marble altar of Elyvilon.
  5488 | D:4      | HP: 14/28 [orc wizard/magic dart (5)]
  5491 | D:4      | HP: 6/28 [orc wizard/+0 dagger (4)]
  5494 | D:4      | Slain by an orc wizard
  5495 | D:4      | Reached XP level 5. HP: 0/25 MP: 3/9
  5518 | D:3      | HP: 12/25 [orc wizard/puff of frost (8)]
  5523 | D:3      | Reached XP level 6. HP: 17/28 MP: 5/10
  5626 | D:3      | HP: 13/28 [phantom (8)]
  5651 | D:3      | HP: 13/28 [phantom (2)]
  5657 | D:3      | Reached skill level 6 in Unarmed Combat
  5843 | D:4      | HP: 7/29 [orc/+4 short sword (8)]
  5846 | D:4      | HP: 2/29 [orc wizard/magic dart (6)]
  5850 | D:4      | Slain by an orc

Levels and vault maps discovered:
D:1:      dpeg_arrival_round_b, layout_basic, minmay_misc_feat_five
D:2:      layout_basic, minmay_circle_x, uniq_crazy_yiuf_cottage
D:3:      layout_basic, st_stairs_12
D:4:      layout_basic, portal_sewer_entry_a, saegor_snake_ambush

Skill      XL: |  1  2  3  4  5  6 |
---------------+-------------------+-----
Unarmed Combat | 3 4 5 6 |  6.1
Fighting       | 3 4 |  4.4
Stealth        | 3 2 |  3.5
Dodging        | 4 |  4.5
Spellcasting   | |  2.0
Charms         | |  3.6

Action                   |  1- 3 |  4- 6 || total
-------------------------+-------+-------++-------
Melee: Unarmed           |    80 |   311 ||   391
       Punch             |     1 |     2 ||     3
       Bite              |     2 |    17 ||    19
 Cast: Infusion          |    13 |    16 ||    29
       Regeneration      |     1 |    10 ||    11
  Use: Potion            |       |     2 ||     2
 Stab: Distracted        |     1 |       ||     1
       Sleeping          |       |     5 ||     5
  Eat: Chunk             |    10 |     8 ||    18
Armor: Skin              |     4 |    12 ||    16
Dodge: Dodged            |    56 |   222 ||   278
